AoeStats
← Lelouch9640

Arabia

509964490Analyzed
1v1 RM · 2d ago on Sep 28, 2026· 43m 15s· 2 players
Game mode
Random Map
Map size
Tiny (2 player)
Population
200
Speed
Normal
Resources
Standard
Victory
Conquest
Starting age
Dark Age
Ending age
Imperial Age
RankedLock teamsTeams togetherTeam positionsShared explorationLock speedFull tech treeHidden civsTurbo modeCheats
Victory
Defeat
🇧🇷 Mongols · Brazil
1356
+13
🇫🇷 Mongols · France
1295
-13
OldStyle
1:35 Loom
9:17 Feudal Age
9:43 Double-Bit Axe
13:03 Man-at-Arms
18:01 Fletching
19:15 Wheelbarrow
19:03 Padded Archer Armor
24:26 Castle Age
23:55 Horse Collar
24:52 Stone Mining
25:27 Bodkin Arrow
24:54 Crossbowman
26:19 Leather Archer Armor
28:15 Bow Saw
27:53 Town Watch
30:25 Thumb Ring
31:40 Bloodlines
32:52 Ballistics
32:55 Gold Mining
33:08 Heavy Plow
41:41 Imperial Age
42:38 Gold Shaft Mining
42:28 Bracer
43:29 Chemistry
Lelouch9640
6:19 Loom
9:18 Feudal Age
9:53 Double-Bit Axe
16:36 Fletching
19:41 Scale Barding Armor
27:00 Padded Archer Armor
34:45 Castle Age
34:47 Forging
35:20 Bloodlines
35:49 Husbandry
38:58 Chain Barding Armor
39:14 Iron Casting
39:56 Bodkin Arrow
Connection lost

Rejoining the realm…

Still unreachable

The connection could not be restored.

Session expired

The server has moved on; the page needs a fresh start.